 Dungeon Crawl Stone Soup version 0.31-a0-851-g7ff8af7976 (webtiles) character file.

Game seed: 1133456096092833758

1291 randomguy2701 the Cleaver (level 8, -2/58 HPs)
             Began as a Gnoll Wanderer on Oct 6, 2023.
             Succumbed to a water moccasin's poison
             ... on level 6 of the Dungeon.
             The game lasted 00:08:42 (5140 turns).

randomguy2701 the Cleaver (Gnoll Wanderer)          Turns: 5140, Time: 00:08:43

Health: -2/58      AC: 11    Str: 16    XL:     8   Next: 55%
Magic:  23/23      EV:  5    Int: 10    God:
Gold:   255        SH:  0    Dex: 11    Spells: 16/16 levels left

rFire   + . .        a - +2 hand axe
rCold   . . .        (no shield)
rNeg    . . .        o - +0 plate armour
rPois   .            (no helmet)
rElec   .            (no cloak)
rCorr   .            (no gloves)
SInv    .            (no boots)
Will    .....        (no amulet) Stlth
                     A - ring of protection from fire
HPRegen 0.29/turn    E - ring of magical power
MPRegen 0.18/turn

%: no passive effects
@: lethally poisoned (-2 -> -18), hasted, invisible, very quick
A: fangs 1, strong nose, distributed training
a: no special abilities


You were on level 6 of the Dungeon.
You visited 1 branch of the dungeon, and saw 6 of its levels.
You also visited: Sewer.

You collected 255 gold pieces.

Inventory:

Hand Weapons
 a - a +2 hand axe (weapon)
 c - a +0 dagger
Missiles
 b - 25 poisoned darts (quivered)
 C - a throwing net
Armour
 e - a +0 leather armour
 o - a +0 plate armour (worn)
Jewellery
 A - a ring of protection from fire (left hand)
 E - a ring of magical power (right hand)
Wands
 r - a wand of iceblast (8)
 w - a wand of charming (22)
Scrolls
 i - a scroll of noise {unknown}
 l - a scroll of enchant armour {unknown}
 n - 6 scrolls of teleportation
 p - a scroll of silence {unknown}
 q - a scroll of fog {unknown}
 s - 4 scrolls of identify {unknown}
 t - a scroll of amnesia {unknown}
 x - 3 scrolls of vulnerability {unknown}
 y - a scroll of blinking {unknown}
 D - a scroll of fear {unknown}
Potions
 d - 3 potions of might
 f - 3 potions of invisibility
 g - a potion of berserk rage {unknown}
 h - 2 potions of magic
 j - a potion of attraction {unknown}
 k - 2 potions of resistance {unknown}
 m - 2 potions of curing {unknown}
 u - a potion of degeneration {unknown}
 v - a potion of ambrosia {unknown}
 z - 3 potions of haste
 B - a potion of mutation {unknown}
 F - 2 potions of heal wounds {unknown}


   Skills:
 + Level 3.4 Fighting
 + Level 3.4 Short Blades
 + Level 3.4 Long Blades
 + Level 11.0 Axes
 + Level 3.4 Maces & Flails
 + Level 3.4 Polearms
 + Level 3.4 Staves
 + Level 3.4 Ranged Weapons
 + Level 7.4 Throwing
 + Level 3.4 Armour
 + Level 3.4 Dodging
 + Level 4.2 Stealth
 + Level 3.4 Shields
 + Level 3.4 Unarmed Combat
 + Level 4.5 Spellcasting
 + Level 2.8 Conjurations
 + Level 2.8 Hexes
 + Level 2.8 Summonings
 + Level 2.8 Necromancy
 + Level 2.8 Translocations
 + Level 2.8 Transmutations
 + Level 2.8 Fire Magic
 + Level 2.8 Ice Magic
 + Level 2.8 Air Magic
 + Level 2.8 Earth Magic
 + Level 2.8 Poison Magic
 + Level 3.8 Invocations
 + Level 3.4 Evocations
 + Level 3.1 Shapeshifting


You had 16 spell levels left.
You didn't know any spells.
Your spell library was empty.

Dungeon Overview and Level Annotations

Branches:
Dungeon (6/15)              Sewer (visited)
 Temple: D:4-7

Altars:
Cheibriados
Uskayaw
Vehumet
Wu Jian
Xom
The Shining One


Innate Abilities, Weirdness & Mutations

You have very sharp teeth.
Your uncanny sense of smell can sniff out nearby items.
Your experience applies equally to all skills.


Message History

The water moccasin is heavily wounded.
You feel very sick. The water moccasin bites you!
You barely miss the water moccasin. Your bite misses the water moccasin.
The water moccasin is heavily wounded.
You feel very sick. The water moccasin bites you.
You are too injured to fight recklessly!
You are too injured to fight recklessly!
You are too injured to fight recklessly!
You are too injured to fight recklessly!
A water moccasin is nearby!
You miss the water moccasin.
The water moccasin is heavily wounded.
You feel very sick.
The water moccasin bites you but does no damage.
Unknown command.
You hit the water moccasin.
The water moccasin is severely wounded.
You feel sick.
The water moccasin bites you but does no damage.
Unknown command.
You barely miss the water moccasin.
The water moccasin is severely wounded.
You feel sick. The water moccasin bites you!
* * * LOW HITPOINT WARNING * * *
You are lethally poisoned!
The water moccasin poisons you! The water moccasin bites you.
* * * LOW HITPOINT WARNING * * *
It was a potion of invisibility.
You fade into invisibility!
* * * LOW HITPOINT WARNING * * *
You feel very sick.
The water moccasin bites you but does no damage.
It was a potion of magic.
Magic courses through your body.
* * * LOW HITPOINT WARNING * * *
You feel very sick.
The water moccasin bites you but does no damage.
It was a potion of haste.
You feel yourself speed up.
You die...

###############
#.............#
###.###########.# #
#...###########.####.#
#...<...............#.###
#...######......@........
##..# #.####S###...###
#..# # .... ..... #..#
#.... .#.. #..# #.###.
... #..# .. . .. #..# #..
.. . ..


You could see a water moccasin (unable to see you).

Vanquished Creatures
  A black bear (D:5)
  An ogre (D:3)
  A centaur (D:3)
  3 phantoms
  A kobold brigand (Sewer)
  3 scorpions
  A hound (D:4)
  2 jellies
  Ijyb (D:3)
  2 iguanas (D:5)
  An orc wizard (D:4)
  7 gnolls
  14 adders
  4 river rats (Sewer)
  A worm (D:3)
  4 dart slugs
  11 orcs
  11 endoplasms
  7 giant cockroaches
  9 goblins
  8 hobgoblins
  8 jackals
  6 quokkas
  17 ball pythons
  9 bats
  3 frilled lizards
  22 kobolds
  26 rats
184 creatures vanquished.

Vanquished Creatures (others)
  A rat (D:3)
1 creature vanquished.

Grand Total: 185 creatures vanquished

Notes
Turn   | Place    | Note
-------+----------+-------------------------------------------
     0 | D:1      | Reached skill level 10 in Axes
     0 | D:1      | randomguy2701 the Gnoll Wanderer began the quest for the
                  | Orb.
     0 | D:1      | randomguy2701 set off with the following items: a +2 hand
                  | axe, 12 poisoned darts, a +0 dagger, a potion of might, a
                  | +0 leather armour.
     0 | D:1      | Reached XP level 1. HP: 13/13 MP: 4/4
    79 | D:1      | Reached XP level 2. HP: 8/19 MP: 5/5
   410 | D:1      | Reached XP level 3. HP: 23/25 MP: 7/7
   772 | D:1      | Reached skill level 1 in Invocations
  1183 | D:2      | Reached skill level 1 in Fighting
  1183 | D:2      | Reached skill level 1 in Short Blades
  1183 | D:2      | Reached skill level 1 in Long Blades
  1183 | D:2      | Reached skill level 1 in Maces & Flails
  1183 | D:2      | Reached skill level 1 in Polearms
  1183 | D:2      | Reached skill level 1 in Staves
  1183 | D:2      | Reached skill level 1 in Ranged Weapons
  1183 | D:2      | Reached skill level 1 in Armour
  1183 | D:2      | Reached skill level 1 in Dodging
  1183 | D:2      | Reached skill level 1 in Shields
  1183 | D:2      | Reached skill level 1 in Unarmed Combat
  1183 | D:2      | Reached skill level 1 in Evocations
  1199 | D:2      | Reached XP level 4. HP: 29/32 MP: 8/8
  1202 | D:2      | Reached skill level 1 in Shapeshifting
  1291 | D:2      | Reached skill level 1 in Conjurations
  1291 | D:2      | Reached skill level 1 in Hexes
  1291 | D:2      | Reached skill level 1 in Summonings
  1291 | D:2      | Reached skill level 1 in Necromancy
  1291 | D:2      | Reached skill level 1 in Translocations
  1291 | D:2      | Reached skill level 1 in Transmutations
  1291 | D:2      | Reached skill level 1 in Fire Magic
  1291 | D:2      | Reached skill level 1 in Ice Magic
  1291 | D:2      | Reached skill level 1 in Air Magic
  1291 | D:2      | Reached skill level 1 in Earth Magic
  1291 | D:2      | Reached skill level 1 in Poison Magic
  1597 | D:2      | Reached XP level 5. HP: 28/37 MP: 9/9
  1638 | D:3      | Found a glowing golden altar of the Shining One.
  1881 | D:3      | Noticed a centaur
  1911 | D:3      | Killed a centaur
  1912 | D:3      | Reached XP level 6. HP: 19/44 MP: 9/11
  1936 | D:3      | Noticed Ijyb
  2060 | D:3      | Killed Ijyb
  2185 | D:3      | You fall into a shaft and drop 1 floor!
  2227 | D:3      | Found a hide-covered altar of Uskayaw.
  2227 | D:3      | Found a radiant altar of Vehumet.
  2245 | D:3      | Found a snail-covered altar of Cheibriados.
  2322 | D:3      | Found a shimmering altar of Xom.
  2924 | D:4      | Reached XP level 7. HP: 45/50 MP: 12/12
  3255 | D:5      | Entered Level 5 of the Dungeon
  3397 | D:5      | Found an ornate altar of the Wu Jian Council.
  3455 | D:5      | Found a glowing drain.
  3476 | Sewer    | Entered a sewer
  3641 | Sewer    | Reached XP level 8. HP: 41/57 MP: 14/14
  4585 | D:5      | Reached skill level 11 in Axes
  5139 | D:6      | HP: 2/58 [poisoned by a water moccasin]
  5140 | D:6      | Succumbed to a water moccasin's poison

Illustrated notes

Levels and vault maps discovered:
D:1:      minmay_arrival_wavy_path, layout_basic, moated_statue, st_stairs_13,
          minmay_tromino_v7
D:2:      layout_rooms, grunt_ministairs_2
D:3:      layout_loops_ring, mainiacjoe_overflow_paths, cheibriados_altar_1,
          xom_confusion_cloud, gammafunk_temple_overflow_wave, uniq_ijyb
D:4:      layout_loops_cross, nrook_mini_backslash, grunt_ministairs_13
D:5:      layout_cave_pools, nicolae_wu_jian_immortal_techniques,
          cheibrodos_sewer_entry_drain, nrook_pool_corridor,
          dreamdust_wishing_well, st_stairs_6
D:6:      layout_loops_ring, minmay_ogre_servants

Skill      XL: |  1  2  3  4  5  6  7  8 |
---------------+-------------------------+-----
Axes           | 11 | 11.0
Invocations    | 1 2 3 |  3.8
Fighting       | 1 2 3 |  3.4
Short Blades   | 1 2 3 |  3.4
Long Blades    | 1 2 3 |  3.4
Maces & Flails | 1 2 3 |  3.4
Polearms       | 1 2 3 |  3.4
Staves         | 1 2 3 |  3.4
Ranged Weapons | 1 2 3 |  3.4
Armour         | 1 2 3 |  3.4
Dodging        | 1 2 3 |  3.4
Shields        | 1 2 3 |  3.4
Unarmed Combat | 1 2 3 |  3.4
Evocations     | 1 2 3 |  3.4
Shapeshifting  | 1 2 3 |  3.1
Spellcasting   | 3 4 |  4.5
Conjurations   | 1 2 |  2.8
Hexes          | 1 2 |  2.8
Summonings     | 1 2 |  2.8
Necromancy     | 1 2 |  2.8
Translocations | 1 2 |  2.8
Transmutations | 1 2 |  2.8
Fire Magic     | 1 2 |  2.8
Ice Magic      | 1 2 |  2.8
Air Magic      | 1 2 |  2.8
Earth Magic    | 1 2 |  2.8
Poison Magic   | 1 2 |  2.8
Stealth        | 3 4 |  4.2
Throwing       | 7 |  7.4

Action                     |  1- 3 |  4- 6 |  7- 9 || total
---------------------------+-------+-------+-------++-------
  Melee: Hand axe          |   113 |   159 |   271 ||   543
         Bite              |    12 |    14 |    28 ||    54
         Punch             |     1 |     2 |     5 ||     8
  Evoke: Wand              |       |     2 |       ||     2
    Use: Potion            |       |       |     3 ||     3
         Scroll            |       |       |     1 ||     1
   Stab: Sleeping          |     3 |       |       ||     3
 Armour: Leather armour    |    27 |       |       ||    27
         Plate armour      |    22 |   156 |   277 ||   455
  Dodge: Dodged            |    45 |    36 |    64 ||   145

Table legend: (Time is in decaauts)
 A = Elapsed time spent in this place.
 B = Non-inter-level travel time spent in this place.
 C = Inter-level travel time spent in this place.
 D = Time resting spent in this place.
 E = Time spent auto-exploring this place.
 F = Levels seen in this place.
 G = Mean time per level.
                   A        B        C        D        E       F      G
               +--------+--------+--------+--------+--------+-----+--------+
         Total |   5037 |   4750 |    287 |      0 |   3734 |   7 |  719.6 |
       Dungeon |   4317 |   4030 |    287 |      0 |   3178 |   6 |  719.5 |
         Sewer |    720 |    720 |      0 |      0 |    556 |   1 |  720.0 |
               +--------+--------+--------+--------+--------+-----+--------+

Top non-repeatable levels by time:
     D:1: 1019 daAuts
     D:5: 961 daAuts
     D:3: 831 daAuts
     D:4: 773 daAuts
   Sewer: 720 daAuts
     D:2: 664 daAuts
     D:6: 67 daAuts
